 Dungeon Crawl Stone Soup version 0.27.0-1-g7a089689b8 (webtiles) character file.

Game seed: 5243977103225341974

6911 freelancePsychic the Fighter (level 11, -1/114 HPs)
             Began as a Naga Summoner on Aug 10, 2021.
             Was an Elder of Ashenzari.
             Slain by a two-headed ogre (30 damage)
             ... on level 10 of the Dungeon.
             The game lasted 00:29:11 (11112 turns).

freelancePsychic the Fighter (Naga Summoner)       Turns: 11112, Time: 00:29:11

Health: -1/114     AC:  6    Str: 11    XL:     11   Next: 7%
Magic:  8/18       EV: 12    Int: 24    God:    Ashenzari [****..]
Gold:   616        SH:  5    Dex: 12    Spells: 10/20 levels left

rFire    . . .     SeeInvis +   w - +9 staff of Olgreb {rPois∞}
rCold    . . .     Faith    .   s - +0 buckler "Tethered With Me" {Fort, Alch} (curse)
rNeg     . . .     Spirit   .   a - +0 robe of the Wild Blue Yonder {Comp, Bglg} (curse)
rPois    ∞         Reflect  .   (no helmet)
rElec    .         Harm     .   f - +0 cloak "Shattered Malaise" {Elem, Comp} (curse)
rCorr    .         Rampage  .   i - +0 pair of gloves of Toth-Mos's Legacy {Evo, Self} (curse)
Will     +....     Clarity  +   (no barding)
Stlth    ++........             g - amulet of Ouranomancy {Regen+, Elem, Evo} (curse)
HPRegen  1.29/turn              h - ring of the Bound God {Int+6, Melee, Fort} (curse)
MPRegen  0.16/turn              (no ring)

@: very slow
A: AC +3, large, see invisible, deformed body, poison resistance, slowness 2,
spit poison 1, naga tail 1
a: Spit Poison, Renounce Religion, Curse Item, Shatter the Chains


You were on level 10 of the Dungeon.
You worshipped Ashenzari.
Ashenzari was greatly pleased with you.
You visited 1 branch of the dungeon, and saw 10 of its levels.

You collected 616 gold pieces.

Inventory:

Hand Weapons
 b - a +0 club
 c - a +0 dagger
 w - the +9 staff of Olgreb (weapon) {rPois∞}
   (You found it on level 8 of the Dungeon)

   If the wielder is skilled in Evocations, they can envenom those struck by it,
   dealing poison damage which bypasses armour.
   It enhances your poison magic.
   It grants immunity to poison.
   It can be evoked to radiate toxic energy, with effectiveness depending on
   Evocations skill.
Missiles
 k - a throwing net
Armour
 a - the cursed +0 robe of the Wild Blue Yonder (worn) {Comp, Bglg}

   It has a curse which improves the following skills: Companions: Summonings
   and Necromancy.
   Beguiling: Conjurations, Hexes and Translocations.
 f - the cursed +0 cloak "Shattered Malaise" (worn) {Elem, Comp}
   (You found it on level 2 of the Dungeon)

   It has a curse which improves the following skills: Elements: Fire Magic, Ice
   Magic, Air Magic and Earth Magic.
   Companions: Summonings and Necromancy.
 i - the cursed +0 pair of gloves of Toth-Mos's Legacy (worn) {Evo, Self}
   (You found it on level 3 of the Dungeon)

   It has a curse which improves the following skills: Evocations: Evocations.
   Introspection: Fighting and Spellcasting.
 m - a +2 plate armour of positive energy
 n - a +2 robe of cold resistance
 s - the cursed +0 buckler "Tethered With Me" (worn) {Fort, Alch}
   (You found it on level 6 of the Dungeon)

   It has a curse which improves the following skills: Fortitude: Armour and
   Shields.
   Alchemy:   Poison Magic and Transmutations.
Magical Staves
 p - a staff of air
Jewellery
 g - the cursed amulet of Ouranomancy (around neck) {Regen+, Elem, Evo}
   (You found it on level 4 of the Dungeon)

   [amulet of regeneration]

   Regen:     It increases your rate of health regeneration.
   It has a curse which improves the following skills: Elements: Fire Magic, Ice
   Magic, Air Magic and Earth Magic.
   Evocations: Evocations.
 h - the cursed ring of the Bound God (left hand) {Int+6, Melee, Fort}
   (You found it on level 3 of the Dungeon)

   [ring of intelligence]

   Int:       It affects your intelligence (+6).
   It has a curse which improves the following skills: Melee Combat: Short
   Blades, Long Blades, Axes, Maces & Flails, Polearms, Staves and Unarmed
   Combat.
   Fortitude: Armour and Shields.
 x - a +6 ring of strength
Wands
 r - a wand of flame (12)
 u - a wand of iceblast (4)
Scrolls
 d - a scroll of fog
 e - 2 scrolls of magic mapping
 j - 2 scrolls of blinking
 o - a scroll of teleportation {@r4}
 t - a scroll of enchant weapon
Potions
 l - 2 potions of heal wounds {@q2}
 q - a potion of cancellation
 v - a potion of resistance


   Skills:
 + Level 10.0(12.1) Fighting
 + Level 6.5(9.0) Polearms
 - Level 2.1(5.8) Staves
 + Level 6.5 Dodging
 - Level 3.0 Stealth
 - Level 2.2(4.9) Shields
 - Level 3.1(5.1) Spellcasting
 - Level 6.8(10.4) Summonings
 - Level 2.6(5.4) Air Magic
 - Level 3.0(6.0) Evocations


You had 10 spell levels left.
You knew the following spells:

 Your Spells              Type           Power      Damage    Failure   Level
a - Summon Small Mammal   Summ           100%       N/A       1%          1
b - Call Imp              Summ           54%        N/A       1%          2
c - Call Canine Familiar  Summ           54%        N/A       1%          3
d - Summon Lightning Spi  Summ/Air       44%        N/A       3%          4

Your spell library contained the following spells:

 Spells                   Type           Power      Damage    Failure   Level
 Summon Guardian Golem    Hex/Summ       31%        N/A       3%          3
 Dazzling Flash           Conj/Hex       14%        N/A       24%         3
 Gell's Gravitas          Tloc           3%         N/A       24%         3
 Lesser Beckoning         Tloc           3%         N/A       24%         3
 Teleport Other           Tloc           7%         N/A       24%         3
 Silence                  Hex/Air        10%        N/A       58%         5
 Agony                    Necr           8%         N/A       89%         5


Dungeon Overview and Level Annotations

Branches:
Dungeon (10/15)            Temple (0/1) D:5            Lair (0/6) D:10
    Orc: D:9-12

Altars:
Ashenzari
Cheibriados
Elyvilon
Gozag
Hepliaklqana
Okawaru
Trog
Uskayaw
Vehumet
Zin
The Shining One

Shops:
D:6 !   D:10 *

Annotations:
D:4 exclusion: steam dragon
D:8 1 runed translucent door
D:9 exclusion: skeletal warrior
D:10 3 runed translucent doors, komi's ghost, novice HOWn


Innate Abilities, Weirdness & Mutations

Your serpentine skin is tough. (AC +3)
You have supernaturally acute eyesight. (SInv)
Armour fits poorly on your strangely shaped body.
Your system is resistant to poisons. (rPois)
You cover ground very slowly.
You can spit poison.
You have a snake-like lower body.


Message History

The bolt of electricity hits the yak!!
The bolt of electricity hits the yak!
Your wolf bites the yak!
The yak dies!
The yak gores your lightning spire but does no damage. x2
Ashenzari invites you to partake of a vision and a curse of companions and elements.
Really poison near your wolf? [Y]es or [N]o only, please.
Really poison near your wolf?
Okay, then.
Casting: Call Canine Familiar (safe; 1% risk of failure)
Confirm with . or Enter, or press ? or * to list all spells.
A shadowy apparition takes form in the air.
Your wolf bites the yak.
Your wolf bites the yak but does no damage.
The yak gores your wolf but does no damage.
You block the yak's attack.
Your wolf bites the yak but does no damage.
Your wolf bites the yak.
The yak gores your wolf!
Your wolf dies!
Your wolf's corpse disappears in a puff of smoke!
The two-headed ogre closely misses you.
The two-headed ogre hits you with a +0 giant club!
The yak bellows!
You sock the two-headed ogre!
You envenom the two-headed ogre.
The two-headed ogre looks even sicker.
The two-headed ogre is moderately wounded.
The yak gores you!
Your shadow imp hits the yak.
You barely miss the two-headed ogre.
The two-headed ogre is moderately wounded.
The two-headed ogre hits you with a +0 giant club! x2
The yak gores you!
* * * LOW HITPOINT WARNING * * *
Your lightning spire shoots out a bolt of lightning at the yak!
The bolt of electricity hits the yak!
The yak dies!
Your shadow imp barely misses the yak.
Your lightning spire disappears in a puff of smoke!
The yak closely misses your shadow imp.
Your shadow imp hits the yak.
The two-headed ogre hits you with a +0 giant club!!
You die...

*** * *######### . ,, #.........#
.. ,..######## #.........#
...,,.......##### #.........#
...., ,####..######........?#
.......#..§.†.Y5#.###.......#####
......##.†.....O@...........#####
......'........†..........@Y###@.
......#.........#.........{{###.#
......##...#..>.......##'###{...#
.... , #....#...#..)..##.###(#..#
...,,, #.....#.......###.###.#...
..{* **#.#...........###.###.#.=.
. * #..........(..........#... ,
, ,..........................


You could see a two-headed ogre (very poisoned), a yak (poisoned, ally target)
and a friendly shadow imp (summoned).

Vanquished Creatures
  2 death yaks (D:10)
  Maggie (D:10)
  A meliai zombie (D:10)
  4 yaks (D:10)
  2 water moccasins (D:8)
  An ogre (D:6)
  2 centaurs
  3 kobold brigands
  2 bullfrogs (D:9)
  A wyvern zombie (D:5)
  A scorpion (D:8)
  5 killer bees
  2 centaur zombies (D:10)
  3 orc priests
  A bullfrog skeleton (D:6)
  2 iguanas
  3 orc wizards
  7 gnolls
  7 adders
  A shadow imp (D:7)
  2 white imps
  2 dart slugs
  15 orcs
  2 bats
  2 endoplasms
  3 giant cockroaches
  16 goblins
  9 hobgoblins
  5 jackals
  9 kobolds
  A quokka (D:3)
  6 ball pythons
  2 frilled lizards (D:3)
  4 rats
129 creatures vanquished.

Vanquished Creatures (collateral kills)
  4 redbacks (D:8)
  2 wraiths (D:9)
  A wyvern (D:10)
  7 yaks (D:10)
  A steam dragon (D:9)
  2 water moccasins
  An ice beast (D:6)
  2 black bears (D:5)
  3 orc warriors
  A sky beast (D:8)
  A necrophage (D:5)
  A centaur (D:8)
  3 ogres
  A phantom (D:6)
  3 gnoll sergeants
  8 scorpions
  A water moccasin skeleton (D:4)
  6 killer bees
  3 howler monkeys (D:10)
  A centaur zombie (D:9)
  2 orc priests
  A gnoll shaman (D:7)
  3 hounds
  2 iguanas
  4 orc wizards
  A howler monkey zombie (D:5)
  2 adders (D:8)
  24 gnolls
  A shadow imp (D:6)
  A white imp (D:6)
  An ufetubus (D:4)
  2 worms
  A dart slug (D:1)
  17 orcs
  A bat (D:1)
  2 endoplasms
  A giant cockroach (D:2)
  22 goblins
  18 hobgoblins
  5 jackals
  11 kobolds
  2 quokkas
  3 ball pythons
  2 rats (D:1)
181 creatures vanquished.

Vanquished Creatures (others)
  A plant (D:3)
1 creature vanquished.

Grand Total: 311 creatures vanquished

Notes
Turn   | Place    | Note
-------+----------+-------------------------------------------
     0 | D:1      | freelancePsychic the Naga Summoner began the quest for the
                  | Orb.
     0 | D:1      | Reached XP level 1. HP: 15/15 MP: 3/3
   350 | D:1      | Found a faded altar of an unknown god.
   371 | D:1      | Became a worshipper of Ashenzari the Shackled
   573 | D:1      | Reached XP level 2. HP: 21/22 MP: 1/5
   576 | D:1      | Learned a level 2 spell: Call Imp
  1373 | D:2      | Reached * piety under Ashenzari
  1398 | D:2      | Reached skill level 1 in Fighting
  1398 | D:2      | Reached XP level 3. HP: 22/31 MP: 0/6
  2175 | D:2      | Learned a level 3 spell: Call Canine Familiar
  2284 | D:2      | Reached ** piety under Ashenzari
  2350 | D:2      | Reached XP level 4. HP: 38/39 MP: 2/7
  2353 | D:2      | Reached skill level 2 in Fighting
  2353 | D:2      | Reached skill level 5 in Summonings
  2665 | D:3      | Found a hazy altar of Hepliaklqana.
  2675 | D:3      | Found an iron altar of Okawaru.
  2693 | D:3      | Found a bloodstained altar of Trog.
  2817 | D:3      | Reached skill level 1 in Air Magic
  3083 | D:3      | Noticed a scorpion
  3094 | D:3      | Killed a scorpion
  3095 | D:3      | Reached XP level 5. HP: 46/46 MP: 4/8
  4012 | D:3      | Reached skill level 3 in Fighting
  4255 | D:3      | Reached XP level 6. HP: 37/56 MP: 4/10
  4960 | D:4      | Noticed a steam dragon
  5112 | D:4      | Learned a level 4 spell: Summon Lightning Spire
  5327 | D:4      | Noticed a water moccasin
  5337 | D:4      | Killed a water moccasin
  5341 | D:4      | Reached skill level 4 in Fighting
  5398 | D:4      | Reached XP level 7. HP: 64/64 MP: 6/11
  5880 | D:5      | Entered Level 5 of the Dungeon
  6059 | D:5      | Reached skill level 5 in Fighting
  6161 | D:5      | Reached *** piety under Ashenzari
  6314 | D:5      | Reached XP level 8. HP: 80/80 MP: 12/15
  6669 | D:5      | Found a staircase to the Ecumenical Temple.
  7033 | D:6      | Reached skill level 6 in Fighting
  7033 | D:6      | Reached skill level 1 in Shields
  7289 | D:6      | Reached **** piety under Ashenzari
  7559 | D:6      | Found Gyge's Distillery.
  7586 | D:6      | Reached skill level 7 in Fighting
  7852 | D:7      | Reached skill level 1 in Polearms
  7946 | D:7      | Noticed a boulder beetle
  8099 | D:7      | Reached XP level 9. HP: 92/92 MP: 12/16
  8301 | D:8      | Found a snail-covered altar of Cheibriados.
  8560 | D:8      | Found the +9 staff of Olgreb {rPois∞}
  8563 | D:8      | Found a runed translucent door.
  8567 | D:8      | Found a runed translucent door.
  8569 | D:8      | Found a runed translucent gate.
  8569 | D:8      | Found a runed translucent gate.
  8580 | D:8      | Found a runed translucent gate.
  8612 | D:8      | Found a white marble altar of Elyvilon.
  8623 | D:8      | Found a glowing silver altar of Zin.
  8756 | D:8      | Found a glowing golden altar of the Shining One.
  8764 | D:8      | Found a radiant altar of Vehumet.
  8867 | D:8      | Reached skill level 8 in Fighting
  9166 | D:8      | Reached skill level 1 in Staves
  9166 | D:8      | Reached skill level 1 in Evocations
  9304 | D:8      | Reached XP level 10. HP: 89/103 MP: 17/17
  9862 | D:9      | Noticed a skeletal warrior
  9883 | D:9      | Reached skill level 5 in Dodging
  9916 | D:9      | Found the +5 scythe "Finisher" {speed, eviscerate}
 10330 | D:9      | Found a hide-covered altar of Uskayaw.
 10432 | D:10     | Entered Level 10 of the Dungeon
 10437 | D:10     | Found a runed translucent gate.
 10437 | D:10     | Found a runed translucent gate.
 10440 | D:10     | Found an opulent altar of Gozag.
 10578 | D:10     | Noticed a death yak
 10584 | D:10     | Noticed a death yak
 10585 | D:10     | Noticed a death yak
 10589 | D:10     | Reached skill level 9 in Fighting
 10589 | D:10     | Noticed Maggie
 10611 | D:10     | Killed Maggie
 10612 | D:10     | Reached skill level 5 in Polearms
 10621 | D:10     | Killed a death yak
 10626 | D:10     | Killed a death yak
 10801 | D:10     | Noticed komi's ghost (novice HOWn)
 11025 | D:10     | Found a runed translucent gate.
 11030 | D:10     | Noticed a flayed ghost
 11031 | D:10     | Found Suafug's Assorted Antiques.
 11044 | D:10     | Reached XP level 11. HP: 114/114 MP: 18/18
 11053 | D:10     | Found a staircase to the Lair.
 11096 | D:10     | Noticed a two-headed ogre
 11104 | D:10     | Reached skill level 10 in Fighting
 11112 | D:10     | Slain by a two-headed ogre

Illustrated notes

Levels and vault maps discovered:
D:1:      minmay_arrival_glassed_features, layout_rooms,
          hellmonk_ecumenical_altar_zigzags
D:2:      layout_basic, minmay_domino_2
D:3:      minmay_goblin_kobold_castle, layout_basic, lemuel_tele_altar,
          amethyst_overflow_temple_binary, serial_forest,
          infiniplex_forest_zigzag_1, infiniplex_forest_straight_2,
          infiniplex_forest_clump_long, infiniplex_forest_straight_4,
          infiniplex_forest_straight_3, infiniplex_forest_corner_2,
          infiniplex_forest_corner_1, infiniplex_forest_lined_room_2,
          minmay_misc_feat_encased, grunt_ministairs_13
D:4:      minmay_clustersquares, layout_basic
D:5:      layout_loops_cross, temple_hall, hangedman_decor_lopped
D:6:      layout_loops_cross, serial_shops, nicolae_shop_crystal
D:7:      layout_loops_corners
D:8:      layout_basic, kennysheep_slug_shrine,
          nicolae_overflow_quartered_altars, grunt_decor_one_mirror,
          minmay_tree_intersection, minmay_misc_feat_rows, chequers_garden,
          minmay_guarded_unrand_staff_of_olgreb
D:9:      layout_roguey, mainiacjoe_overflow_alcove_2,
          minmay_guarded_unrand_finisher
D:10:     layout_basic, dpeg_lair_monsters, ebering_ghost_gozag, st_stairs_10,
          corexii_leaking_fountain, uniq_maggie, uniq_maurice

Skill      XL: |  1  2  3  4  5  6  7  8  9 10 11 |
---------------+----------------------------------+-----
Fighting       | 1 2 3 4 5 7 8 9 10 | 10.0
Summonings     | 5 6 |  6.8
Air Magic      | 1 2 |  2.6
Spellcasting   | 3 |  3.1
Shields        | 2 |  2.2
Dodging        | 2 4 6 |  6.5
Polearms       | 1 4 6 |  6.5
Staves         | 1 2 |  2.1
Evocations     | 1 3 |  3.0
Stealth        | |  3.0

Action                   |  1- 3 |  4- 6 |  7- 9 | 10-12 || total
-------------------------+-------+-------+-------+-------++-------
Melee: Dagger            |    23 |       |       |       ||    23
       Club              |     9 |       |       |       ||     9
       Unarmed           |     4 |       |       |       ||     4
       Spear             |    43 |   168 |   317 |       ||   528
       Staff             |       |       |    32 |    63 ||    95
 Cast: Summon Small Mamm |    13 |     1 |       |       ||    14
       Call Imp          |    23 |    25 |     2 |     1 ||    51
       Call Canine Famil |     1 |    15 |    24 |     5 ||    45
       Summon Lightning  |       |     2 |    21 |    14 ||    37
Invok: Curse Item        |     3 |     1 |     4 |       ||     8
       Shatter the Chain |       |     1 |     1 |       ||     2
 Abil: Spit Poison       |       |       |     1 |       ||     1
Evoke: Wand              |       |       |     1 |       ||     1
       Staff of Olgreb   |       |       |     1 |     9 ||    10
  Use: Scroll            |     1 |     2 |     3 |     1 ||     7
       Potion            |       |       |     1 |       ||     1
 Stab: Sleeping          |     6 |     6 |     4 |     1 ||    17
       Distracted        |       |     1 |     5 |       ||     6
Armor: Robe              |    13 |    45 |    81 |    49 ||   188
Dodge: Dodged            |    38 |    70 |   147 |    45 ||   300
Block: Buckler           |       |       |    41 |    35 ||    76
